 Dungeon Crawl Stone Soup version 0.29.1-1-gd02db6906a (webtiles) character file.

Game seed: 17435229382594842296

40 hawla the Firebug (level 4, -7/33 HPs)
             Began as a Meteoran Fire Elementalist on Oct 6, 2022.
             Killed from afar by Terence (8 damage)
             ... with a puff of flame
             ... on level 2 of the Dungeon.
             The game lasted 00:02:40 (589 turns).

hawla the Firebug (Meteoran Fire Elementalist)       Turns: 589, Time: 00:02:41

Health: -7/33      AC:  3    Str: 10    XL:     4   Next: 0%
Magic:  0/10       EV: 12    Int: 18    God:
Gold:   52         SH:  0    Dex: 14    Spells: 6/9 levels left

rFire   . . .      SeeInvis .   (no weapon)
rCold   . . .      Faith    .   (no shield)
rNeg    . . .      Spirit   .   a - +0 robe
rPois   .          Reflect  .   e - +0 helmet
rElec   .          Harm     .   (no cloak)
rCorr   .          Rampage  .   (no gloves)
Will    .....                   (no boots)
Stlth   +.........              (no amulet)
HPRegen 0.11/turn               (no ring)
MPRegen 0.12/turn               (no ring)

@: glowing
A: sense surroundings 1, otherworldly, glowing, explore regen
a: no special abilities


You were on level 2 of the Dungeon.
You visited 1 branch of the dungeon, and saw 2 of its levels.

You collected 52 gold pieces.

Inventory:

Armour
 a - a +0 robe (worn)
 e - a +0 helmet (worn)
Scrolls
 g - 2 scrolls of identify {unknown}
 h - a scroll of teleportation {unknown}
Potions
 b - a potion of magic
 c - a potion of mutation {unknown}
 d - a potion of haste {unknown}
 f - a potion of might {unknown}


   Skills:
 + Level 0.1 Fighting
 + Level 2.7 Dodging
 - Level 1.4 Stealth
 + Level 3.3 Spellcasting
 + Level 1.7 Conjurations
 + Level 4.6 Fire Magic


You had 6 spell levels left.
You knew the following spells:

 Your Spells              Type           Power      Damage    Failure   Level
a - Foxfire               Conj/Fire      56%        2x1d6     4%          1
b - Scorch                Fire           38%        2d6       3%          2

Your spell library contained the following spells:

 Spells                   Type           Power      Damage    Failure   Level
 Conjure Flame            Conj/Fire      14%        6-21      13%         3
 Inner Flame              Hex/Fire       11%        N/A       19%         3
 Flame Wave               Conj/Fire      14%        2d6       38%         4


Dungeon Overview and Level Annotations

Branches:
Dungeon (2/15) Zot: 610

Altars:

Annotations:
D:2 Terence


Innate Abilities, Weirdness & Mutations

You passively map a small area around you.
You are easily found by Zot.
You glow in the dark.
You regain HP and MP as you explore.


Message History

Terence is moderately wounded.
Casting: Foxfire (safe; 4% risk of failure)
Confirm with . or Enter, or press ? or * to list all spells.
You can't see any susceptible monsters within range! (Use Z to cast anyway.)
The foxfire hits Terence but does no damage.
Terence is moderately wounded.
The foxfire hits Terence.
Terence is heavily wounded.
The foxfire hits Terence but does no damage.
Terence is heavily wounded.
Casting: Foxfire (safe; 4% risk of failure)
Confirm with . or Enter, or press ? or * to list all spells.
Flames lash Terence.
Terence is heavily wounded.
Terence's fire resistance burns away.
Terence zaps a wand.
The puff of flame hits you!
Casting: Scorch (safe; 3% risk of failure)
Confirm with . or Enter, or press ? or * to list all spells.
Flames lash Terence but do no damage.
Terence zaps a wand.
The puff of flame hits you!
* * * LOW HITPOINT WARNING * * *
Unknown command.
Casting: Scorch (safe; 3% risk of failure)
Confirm with . or Enter, or press ? or * to list all spells.
You conjure some foxfire!
Terence is no longer more vulnerable to fire.
The foxfire hits Terence but does no damage.
Terence is heavily wounded.
The foxfire hits Terence.
Terence is severely wounded.
Casting: Foxfire (safe; 4% risk of failure)
Confirm with . or Enter, or press ? or * to list all spells.
You conjure some foxfire!
Terence zaps a wand.
The puff of flame hits you.
* * * LOW HITPOINT WARNING * * *
The foxfire hits Terence.
Terence is almost dead.
The foxfire hits Terence.
Terence is almost dead.
Terence zaps a wand.
The puff of flame hits you!
You die...

######## #......#
#.##...##############
#.##..........(.....# * **
* #.####.....>...@§##.# ,
#....#.####.####.##.#**, ,
, ##'##.#+####.#....@#..
.............#.)..........*
.............#............
.............#.....##.....
.............#.....# .....
†............###+###* ##.#
.............# #


You could see Terence.

Vanquished Creatures
  2 dart slugs
  3 endoplasms (D:1)
  A giant cockroach (D:1)
  7 goblins (D:1)
  4 hobgoblins
  4 jackals (D:1)
  A ball python (D:1)
  3 bats (D:1)
  A frilled lizard (D:1)
  3 kobolds (D:1)
  3 rats (D:1)
32 creatures vanquished.

Vanquished Creatures (others)
  68 foxfires
68 creatures vanquished.

Grand Total: 100 creatures vanquished

Notes
Turn   | Place    | Note
-------+----------+-------------------------------------------
     0 | D:1      | hawla the Meteoran Fire Elementalist began the quest for
                  | the Orb.
     0 | D:1      | Reached XP level 1. HP: 14/14 MP: 5/5
    60 | D:1      | Reached XP level 2. HP: 20/20 MP: 2/6
    62 | D:1      | Reached skill level 4 in Fire Magic
   150 | D:1      | Reached XP level 3. HP: 6/26 MP: 0/8
   275 | D:1      | Found a faded altar of an unknown god.
   500 | D:1      | Glimpsed the power of Zot.
   565 | D:2      | Noticed Terence
   573 | D:2      | Learned a level 2 spell: Scorch
   580 | D:2      | Reached XP level 4. HP: 22/33 MP: 6/10
   588 | D:2      | HP: 1/33 [Terence/puff of flame (6)]
   589 | D:2      | Killed from afar by Terence

Illustrated notes

Levels and vault maps discovered:
D:1:      scummos_arrival_forest, layout_rooms,
          shapermc_ecumenical_altar_mp_vishouse
D:2:      layout_basic, serial_shops, shop_statue, minmay_mini_jars,
          uniq_terence

Skill      XL: |  1  2 |
---------------+-------+-----
Fire Magic     | 4 |  4.6
Spellcasting   | 3 |  3.3
Fighting       | |  0.1
Dodging        | |  2.7
Stealth        | |  1.4
Conjurations   | |  1.7

Action                   |  1- 3 |  4- 6 || total
-------------------------+-------+-------++-------
Melee: Unarmed           |     6 |       ||     6
 Cast: Foxfire           |    44 |     3 ||    47
       Scorch            |       |     2 ||     2
Armor: Robe              |     9 |       ||     9
Dodge: Dodged            |    12 |       ||    12
